 Dungeon Crawl Stone Soup version 0.30-a0-178-g4db885d750 (webtiles) character file.

Game seed: 16309170260880023949

5 Aibolit the Shooter (level 1, 20/20 HPs)
             Began as a Troll Hunter on Oct 3, 2022.
             Quit the game on level 1 of the Dungeon.
             The game lasted 00:00:26 (62 turns).

Aibolit the Shooter (Troll Hunter)                    Turns: 62, Time: 00:00:26

Health: 20/20      AC:  4    Str: 18    XL:     1   Next: 66%
Magic:  0/0        EV: 10    Int:  5    God:
Gold:   10         SH:  0    Dex: 13    Spells: 0/0 levels left

rFire   . . .      SeeInvis .    a - +0 shortbow
rCold   . . .      Faith    .    (shield currently unavailable)
rNeg    . . .      Spirit   .    c - +0 robe
rPois   .          Reflect  .    (helmet restricted)
rElec   .          Harm     .    (no cloak)
rCorr   .          Rampage  .    (gloves unavailable)
Will    .....                    (boots unavailable)
Stlth   +.........               (no amulet)
HPRegen 1.03/turn                (no ring)
MPRegen 0.07/turn                (no ring)

@: no status effects
A: large, unfitting armour, claws 3, regeneration 1, shaggy fur 1, tough skin 1
a: no special abilities


You were on level 1 of the Dungeon.
You visited 1 branch of the dungeon, and saw 1 of its levels.

You collected 10 gold pieces.

Inventory:

Hand Weapons
 a - a +0 shortbow (weapon)
Armour
 c - a +0 robe (worn)
Scrolls
 b - a scroll of immolation
Potions
 d - a potion of lignification {unknown}
 e - 2 potions of flight {unknown}


   Skills:
 + Level 1.7 Fighting
 * Level 2.7 Ranged Weapons
 + Level 1.7 Dodging
 + Level 0.5 Stealth


You couldn't memorise any spells.
You didn't know any spells.
Your spell library was empty.

Dungeon Overview and Level Annotations

Branches:
Dungeon (1/15)

Altars:


Innate Abilities, Weirdness & Mutations

You are too large for most types of armour.
You have claws for hands.
Your natural rate of healing is unusually fast.
You are covered in fur. (AC +1)
You have tough skin. (AC +1)


Message History

The goblin barely misses you.
You shoot an arrow. The arrow hits the goblin!
You kill the goblin!
A rat comes into view.
The rat moves out of view.
No target in view!
No target in view!
You now have 10 gold pieces.
Things that are here:
a +0 dagger; a goblin corpse
Things that are here:
a +0 dagger; a goblin corpse You shoot an arrow.
The arrow closely misses the rat.
You shoot an arrow. The arrow hits the rat!
You kill the rat!
No target in view!
No target in view!
e - 2 coppery potions No target in view!
No target in view!
A hobgoblin comes into view.
You shoot an arrow.
The arrow hits the hobgoblin but does no damage.
You shoot an arrow. The arrow hits the hobgoblin.
The hobgoblin is almost dead.
A hobgoblin is nearby!
You shoot an arrow. The arrow hits the hobgoblin!
You kill the hobgoblin!
No target in view!
No target in view!
A ball python comes into view.
You shoot an arrow. The arrow hits the ball python.
You kill the ball python!
No target in view!
No target in view!
Okay, then.
Your library has no spells.
Unknown command.
Unknown command.
Are you sure you want to abandon this character and quit the game? (Confirm with "yes".)

#..........#
#..........#
#..........#
#..........#
#..........#
#..........#
#.....†....#
#########..........#
......†@...........#
...........#####..##
...........# ##.#
...........# #.###
...........# #.).#
############
###)#### #.....
####### #......


There were no monsters in sight!

Vanquished Creatures
  2 goblins (D:1)
  A hobgoblin (D:1)
  A ball python (D:1)
  A rat (D:1)
5 creatures vanquished.

Notes
Turn   | Place    | Note
-------+----------+-------------------------------------------
     0 | D:1      | Aibolit the Troll Hunter began the quest for the Orb.
     0 | D:1      | Reached XP level 1. HP: 19/19 MP: 0/0
    62 | D:1      | Quit the game

Illustrated notes

Levels and vault maps discovered:
D:1:      minmay_arrival_checkered_box, layout_basic

Action                   || total
-------------------------++-------
 Fire: Shortbow          ||    18
Armor: Robe              ||     3
Dodge: Dodged            ||     3

Table legend: (Time is in decaauts)
 A = Elapsed time spent in this place.
 B = Non-inter-level travel time spent in this place.
 C = Inter-level travel time spent in this place.
 D = Time resting spent in this place.
 E = Time spent auto-exploring this place.
 F = Levels seen in this place.
 G = Mean time per level.
                   A        B        C        D        E       F      G
               +--------+--------+--------+--------+--------+-----+--------+
         Total |     68 |     68 |      0 |      0 |     36 |   1 |   68.0 |
       Dungeon |     68 |     68 |      0 |      0 |     36 |   1 |   68.0 |
               +--------+--------+--------+--------+--------+-----+--------+

Top non-repeatable levels by time:
     D:1: 68 daAuts
